 Dungeon Crawl Stone Soup version 0.28.0-43-g3370ac3207 (webtiles) character file.

Game seed: 11525533144618285738

8950 croobank the Thaumaturge (level 11, 0/72 HPs)
             Began as a Gnoll Fire Elementalist on Mar 29, 2022.
             Was a Believer of Hepliaklqana.
             Slain by a boulder beetle (2 damage)
             ... on level 8 of the Dungeon.
             The game lasted 00:42:21 (10968 turns).

croobank the Thaumaturge (Gnoll Fire Elementalist) Turns: 10968, Time: 00:42:21

Health: 0/72       AC: 13    Str:  8    XL:     11   Next: 38%
Magic:  22/33      EV: 12    Int: 24    God:    Hepliaklqana [**....]
Gold:   463        SH:  0    Dex: 12    Spells: 13/26 levels left

rFire   . . .      SeeInvis .   a - +2 hand axe (freeze)
rCold   + . .      Faith    .   (no shield)
rNeg    . . .      Spirit   .   s - +4 ring mail {rC+}
rPois   +          Reflect  .   G - +3 hat of Pondering {ponderous, Will+ MP+10 Int+5}
rElec   .          Harm     .   (no cloak)
rCorr   +          Rampage  .   (no gloves)
Will    +....                   (no boots)
Stlth   +++.......              c - amulet of the acrobat
HPRegen 0.22/turn               p - ring of poison resistance
MPRegen 0.23/turn               t - ring of resist corrosion

@: on berserk cooldown, very slightly contaminated, slowed, very slow
A: reduced essence, fangs 1, strong nose, distributed training
a: Renounce Religion, Recall Ancestor, Ancestor Identity


You were on level 8 of the Dungeon.
You worshipped Hepliaklqana.
Hepliaklqana was pleased with you.
You visited 2 branches of the dungeon, and saw 11 of its levels.

You collected 463 gold pieces.

Inventory:

Hand Weapons
 a - a +2 hand axe of freezing (weapon)
 b - a +0 shortbow
 h - a +0 whip of flaming
 r - a +0 morningstar of flaming
 y - a +2 dagger of venom
 B - a +5 flail
 C - a +0 glaive
 F - a +0 hunting sling
 H - a +2 dagger of speed
Missiles
 e - 168 stones
 f - 9 boomerangs
 g - 6 silver javelins
 i - 39 arrows
 j - 46 bolts
 q - 37 sling bullets
 A - 2 curare-tipped darts (quivered)
 E - 5 throwing nets
Armour
 k - the +0 helmet "Daxus" {rC++ rCorr SInv Stlth-}
   (You found it on level 4 of the Dungeon)

   rC:        It greatly protects you from cold.
   SInv:      It lets you see invisible.
   rCorr:     It protects you from acid and corrosion.
   Stlth:     It makes you less stealthy.
 s - a +4 ring mail of cold resistance (worn)
 G - the +3 hat of Pondering (worn) {ponderous, Will+ MP+10 Int+5}
   (You took it off Gastronok on level 8 of the Dungeon)

   Int:       It affects your intelligence (+5).
   MP:        It affects your magic capacity (+10).
   Will:      It increases your willpower.
Magical Staves
 n - a staff of air
Jewellery
 c - an amulet of the acrobat (around neck)
 p - a ring of poison resistance (left hand)
 t - a ring of resist corrosion (right hand)
Wands
 m - a wand of paralysis (9)
 o - a wand of flame (47)
 z - a wand of iceblast (24)
Scrolls
 d - a scroll of amnesia
 v - a scroll of enchant weapon {unknown}
 x - a scroll of torment
 D - 3 scrolls of identify
Potions
 l - 4 potions of curing
 u - a potion of brilliance


   Skills:
 + Level 6.2 Fighting
 + Level 6.2 Short Blades
 + Level 6.2 Long Blades
 + Level 6.2 Axes
 + Level 6.2 Maces & Flails
 + Level 6.2 Polearms
 + Level 6.2 Staves
 + Level 6.2 Slings
 + Level 6.2 Bows
 + Level 6.2 Crossbows
 + Level 6.2 Throwing
 + Level 6.2 Armour
 + Level 7.8 Dodging
 + Level 7.6 Stealth
 + Level 6.2 Shields
 + Level 6.2 Unarmed Combat
 + Level 8.1 Spellcasting
 + Level 5.6 Conjurations
 + Level 5.1 Hexes
 + Level 5.1 Summonings
 + Level 5.1 Necromancy
 + Level 5.1 Translocations
 + Level 5.1 Transmutations
 + Level 7.6 Fire Magic
 + Level 5.1 Ice Magic
 + Level 5.1 Air Magic
 + Level 5.1 Earth Magic
 + Level 5.1 Poison Magic
 + Level 6.8 Invocations
 + Level 6.2 Evocations


You had 13 spell levels left.
You knew the following spells:

 Your Spells              Type           Power      Damage    Failure   Level
a - Foxfire               Conj/Fire      100%       2x1d9     1%          1
b - Scorch                Fire           92%        2d9       1%          2
c - Flame Wave            Conj/Fire      41%        2d9       11%         4
d - Poisonous Vapours     Pois/Air       68%        N/A       3%          2
e - Olgreb's Toxic Radia  Pois           34%        N/A       21%         4

Your spell library contained the following spells:

 Spells                   Type           Power      Damage    Failure   Level
 Sting                    Tmut/Pois      100%       1d8       1%          1
 Ensorcelled Hibernation  Hex/Ice        68%        N/A       3%          2
 Sublimation of Blood     Necr           34%        N/A       3%          2
 Wereblood                Tmut           34%        N/A       3%          2
 Conjure Flame            Conj/Fire      41%        6-21      3%          3
 Inner Flame              Hex/Fire       40%        N/A       3%          3
 Spider Form              Tmut/Pois      34%        N/A       6%          3
 Tukima's Dance           Hex            34%        N/A       6%          3
 Anguish                  Hex/Necr       17%        N/A       21%         4
 Freezing Cloud           Conj/Ice/Air   17%        6-21      47%         5
 Simulacrum               Ice/Necr       17%        N/A       97%         6
 Enfeeble                 Hex            17%        N/A       100%        7
 Summon Hydra             Summ           17%        N/A       100%        7
 Polar Vortex             Ice            17%        N/A       100%        9


Dungeon Overview and Level Annotations

Branches:
Dungeon (10/15)            Temple (1/1) D:4            Lair (0/6) D:10
    Orc: D:9-12

Altars:
Ashenzari
Cheibriados
Dithmenos
Elyvilon
Fedhas
Gozag
Hepliaklqana
Kikubaaqudgha
Makhleb
Nemelex Xobeh
Okawaru
Qazlal
Ru
Sif Muna
Trog
Wu Jian
Xom
Yredelemnul
Zin
The Shining One

Annotations:
D:7 3 runed translucent doors, Jingleheimer's ghost, novice DrCj
D:10 Grum


Innate Abilities, Weirdness & Mutations

Your life essence is reduced to manifest your ancestor. (-10% HP)
You have very sharp teeth.
Your uncanny sense of smell can sniff out nearby items.
Your experience applies equally to all skills.


Message History

Confirm with . or Enter, or press ? or * to list all spells.
Flames lash the boulder beetle.
The boulder beetle is burned terribly!
The boulder beetle is heavily wounded.
The boulder beetle bites you.
* * * LOW HITPOINT WARNING * * *
Lucius hits the boulder beetle with a +0 quarterstaff.
Okay, then.
A red film seems to cover your vision as you go berserk!
You feel yourself moving faster!
You feel mighty!
The boulder beetle leaps!
Unknown command.
You feel a strong urge to attack something.
The boulder beetle curls into a ball and begins rolling!
Unknown command.
You are too berserk!
You are too berserk!
You feel your anger nearly subside.
You are no longer berserk.
You are exhausted.
You feel yourself slow down.
Lucius hits the boulder beetle with a +0 quarterstaff.
The boulder beetle misses you.
The boulder beetle stops rolling and uncurls.
Casting: Scorch (safe; 1% risk of failure)
Confirm with . or Enter, or press ? or * to list all spells.
Okay, then.
Casting: Scorch (safe; 1% risk of failure)
Confirm with . or Enter, or press ? or * to list all spells.
Aiming: Poisonous Vapours (safe; 3% risk of failure)
Press: ? - help, Dir - move target, f - boulder beetle
Aim: a boulder beetle (heavily wounded, more vulnerable to fire, ally target) Poisonous vapours surround the boulder beetle!
The boulder beetle is poisoned.
The boulder beetle bites you!
* * * LOW HITPOINT WARNING * * *
Lucius hits the boulder beetle with a +0 quarterstaff!!
Casting: Poisonous Vapours (safe; 3% risk of failure)
Confirm with . or Enter, or press ? or * to list all spells.
You miscast Scorch.
You are very lightly contaminated with residual magic.
Nothing appears to happen.
The boulder beetle bites you.
You die...

#........#.................# .8
#........#.....#########....##.
#........#.....# ... #..#...#
######'###.....##.. #..#....
#.....<[........>. #..#....
#................. +....
#..##..##.......... .#....
#..##..##.....####.. ......
#...#..##...B@#....# #. ####.#
#...#..##..R..#....#... ..
#..######.....#....#.# #
##'#....#.....#......
#..#....#.....#....# ∆ #
#..'....#.....#....#∆ #.
#..#....#'#####....# #.#
########........†#.# #.
#.....÷...†.#


You could see the friendly Lucius the battlemage and a boulder beetle (very
poisoned, combustible, ally target).

Vanquished Creatures
  Harold (D:7)
  A catoblepas (D:8)
  Pikel (D:4)
  Maggie (D:7)
  A troll (D:8)
  Prince Ribbit (D:6)
  Grinder (D:4)
  A shadow (D:8)
  5 yaks (D:8)
  A wyvern (D:8)
  A wraith (D:5)
  A steam dragon (D:7)
  Duvessa (D:7)
  2 ice beasts
  2 sky beasts
  2 black bears
  2 necrophages
  An orc warrior (D:6)
  5 ogres
  A centaur (D:7)
  3 phantoms
  A bullfrog (D:7)
  A water moccasin zombie (D:5)
  Dowan (D:7)
  A water moccasin skeleton (D:7)
  3 killer bees (D:7)
  3 wights
  2 centaur zombies (D:7)
  2 hounds
  2 bullfrog zombies (D:6)
  A bullfrog skeleton (D:5)
  4 orc priests
  A jelly (D:5)
  A centaur skeleton (D:7)
  Ijyb (D:4)
  4 iguanas
  3 orc wizards
  2 howler monkey zombies
  4 adders
  A shadow imp (D:6)
  3 white imps
  2 worms (D:3)
  3 dart slugs
  22 orcs
  3 bats
  4 endoplasms
  5 giant cockroaches
  9 hobgoblins
  7 jackals
  7 kobolds
  2 quokkas
  2 ball pythons
  2 frilled lizards
  11 goblins
  7 rats
162 creatures vanquished.

Vanquished Creatures (collateral kills)
  Gastronok (D:8)
  A troll (D:8)
  A slime creature (D:8)
  A shadow (D:8)
  A yak (D:8)
  2 steam dragons
  An ice beast (D:7)
  A wight (D:7)
  A bullfrog skeleton (D:7)
  A centaur skeleton (D:7)
  An orc wizard (D:8)
12 creatures vanquished.

Vanquished Creatures (others)
  3 battlemagi (D:8)
  2 orc wizards
  255 foxfires
260 creatures vanquished.

Grand Total: 434 creatures vanquished

Notes
Turn   | Place    | Note
-------+----------+-------------------------------------------
     0 | D:1      | croobank the Gnoll Fire Elementalist began the quest for
                  | the Orb.
     0 | D:1      | Reached XP level 1. HP: 13/13 MP: 6/6
   177 | D:1      | Reached XP level 2. HP: 19/19 MP: 4/7
   180 | D:1      | Learned a level 2 spell: Scorch
   723 | D:1      | Reached XP level 3. HP: 25/25 MP: 2/9
   875 | D:1      | Reached skill level 5 in Spellcasting
  1640 | D:2      | Reached skill level 1 in Invocations
  1919 | D:3      | Reached skill level 1 in Fighting
  1919 | D:3      | Reached skill level 1 in Short Blades
  1919 | D:3      | Reached skill level 1 in Long Blades
  1919 | D:3      | Reached skill level 1 in Axes
  1919 | D:3      | Reached skill level 1 in Maces & Flails
  1919 | D:3      | Reached skill level 1 in Polearms
  1919 | D:3      | Reached skill level 1 in Staves
  1919 | D:3      | Reached skill level 1 in Slings
  1919 | D:3      | Reached skill level 1 in Bows
  1919 | D:3      | Reached skill level 1 in Crossbows
  1919 | D:3      | Reached skill level 1 in Throwing
  1919 | D:3      | Reached skill level 1 in Armour
  1919 | D:3      | Reached skill level 1 in Shields
  1919 | D:3      | Reached skill level 1 in Unarmed Combat
  1919 | D:3      | Reached skill level 1 in Evocations
  2027 | D:3      | Noticed an ogre
  2039 | D:3      | Killed an ogre
  2040 | D:3      | Reached skill level 1 in Hexes
  2040 | D:3      | Reached skill level 1 in Summonings
  2040 | D:3      | Reached skill level 1 in Necromancy
  2040 | D:3      | Reached skill level 1 in Translocations
  2040 | D:3      | Reached skill level 1 in Transmutations
  2040 | D:3      | Reached skill level 1 in Ice Magic
  2040 | D:3      | Reached skill level 1 in Air Magic
  2040 | D:3      | Reached skill level 1 in Earth Magic
  2040 | D:3      | Reached skill level 1 in Poison Magic
  2040 | D:3      | Reached XP level 4. HP: 32/32 MP: 0/11
  2040 | D:3      | Reached XP level 5. HP: 37/37 MP: 0/12
  2707 | D:3      | Found a sacrificial altar of Ru.
  2713 | D:3      | Learned a level 4 spell: Flame Wave
  2803 | D:4      | Learned a level 2 spell: Poisonous Vapours
  2849 | D:4      | Identified the +0 helmet "Daxus" {rC++ rCorr SInv Stlth-}
  2943 | D:4      | Found a staircase to the Ecumenical Temple.
  2952 | D:4      | Noticed Pikel
  2966 | D:4      | Noticed a lemure
  2976 | D:4      | Killed Pikel
  2977 | D:4      | Reached skill level 5 in Dodging
  2977 | D:4      | Reached XP level 6. HP: 11/46 MP: 1/14
  2977 | D:4      | Reached XP level 7. HP: 12/51 MP: 1/15
  3422 | D:4      | Reached skill level 5 in Stealth
  3744 | D:4      | Noticed Grinder
  3765 | D:4      | Paralysed by Grinder for 6 turns
  3772 | D:4      | Killed Grinder
  3773 | D:4      | Reached XP level 8. HP: 29/58 MP: 12/16
  3998 | D:4      | Noticed Ijyb
  4003 | D:4      | Killed Ijyb
  4239 | Temple   | Entered the Ecumenical Temple
  4516 | Temple   | Became a worshipper of Hepliaklqana the Forgotten
  4640 | D:5      | Entered Level 5 of the Dungeon
  4745 | D:5      | Reached skill level 6 in Spellcasting
  5118 | D:5      | Noticed a wraith
  5131 | D:5      | Killed a wraith
  5572 | D:5      | Reached XP level 9. HP: 65/65 MP: 11/18
  6706 | D:6      | Noticed Prince Ribbit
  6727 | D:6      | Killed Prince Ribbit
  7491 | D:6      | Found a broken altar of Ashenzari.
  7806 | D:7      | Reached skill level 5 in Invocations
  7920 | D:7      | Noticed Duvessa
  7925 | D:7      | Noticed Dowan
  7932 | D:7      | Killed Duvessa
  7934 | D:7      | Killed Dowan
  8023 | D:7      | Reached * piety under Hepliaklqana
  8036 | D:7      | You fall into a shaft and drop 3 floors!
  8036 | D:10     | Entered Level 10 of the Dungeon
  8036 | D:10     | Noticed a death yak
  8036 | D:10     | Noticed a death yak
  8036 | D:10     | Found a staircase to the Lair.
  8037 | D:10     | Noticed a death yak
  8061 | D:10     | Noticed a troll
  8061 | D:10     | Noticed a hornet
  8063 | D:10     | Noticed Grum
  8072 | D:10     | Noticed a cyclops
  8268 | D:9      | Noticed a hornet
  8274 | D:8      | Reached skill level 7 in Spellcasting
  8280 | D:8      | Reached XP level 10. HP: 24/65 MP: 3/20
  8518 | D:7      | Noticed Maggie
  8533 | D:7      | Killed Maggie
  8534 | D:7      | Reached skill level 5 in Fighting
  8534 | D:7      | Reached skill level 5 in Short Blades
  8534 | D:7      | Reached skill level 5 in Long Blades
  8534 | D:7      | Reached skill level 5 in Axes
  8534 | D:7      | Reached skill level 5 in Maces & Flails
  8534 | D:7      | Reached skill level 5 in Polearms
  8534 | D:7      | Reached skill level 5 in Staves
  8534 | D:7      | Reached skill level 5 in Slings
  8534 | D:7      | Reached skill level 5 in Bows
  8534 | D:7      | Reached skill level 5 in Crossbows
  8534 | D:7      | Reached skill level 5 in Throwing
  8534 | D:7      | Reached skill level 5 in Armour
  8534 | D:7      | Reached skill level 5 in Shields
  8534 | D:7      | Reached skill level 5 in Unarmed Combat
  8534 | D:7      | Reached skill level 5 in Evocations
  8791 | D:7      | Reached ** piety under Hepliaklqana
  9572 | D:7      | Noticed Harold
  9583 | D:7      | Killed Harold
  9584 | D:7      | Reached skill level 5 in Conjurations
  9773 | D:7      | Found a runed translucent gate.
  9777 | D:7      | Found a runed translucent gate.
  9777 | D:7      | Found an opulent altar of Gozag.
  9780 | D:7      | Remembered your ancestor Lucius as a battlemage
  9786 | D:7      | Learned a level 4 spell: Olgreb's Toxic Radiance
  9794 | D:7      | Found a stormy altar of Qazlal.
  9824 | D:7      | Found a runed translucent gate.
  9825 | D:7      | Noticed a gargoyle
  9826 | D:7      | Noticed Jingleheimer's ghost (novice DrCj)
  9974 | D:8      | Noticed a catoblepas
  9974 | D:8      | Noticed a boulder beetle
  9980 | D:8      | Killed a catoblepas
  9995 | D:8      | Noticed a manticore
 10342 | D:8      | Noticed Gastronok
 10359 | D:8      | Killed Gastronok
 10360 | D:8      | Reached XP level 11. HP: 21/72 MP: 3/22
 10593 | D:8      | Reached skill level 5 in Hexes
 10593 | D:8      | Reached skill level 5 in Summonings
 10593 | D:8      | Reached skill level 5 in Necromancy
 10593 | D:8      | Reached skill level 5 in Translocations
 10593 | D:8      | Reached skill level 5 in Transmutations
 10593 | D:8      | Reached skill level 5 in Ice Magic
 10593 | D:8      | Reached skill level 5 in Air Magic
 10593 | D:8      | Reached skill level 5 in Earth Magic
 10593 | D:8      | Reached skill level 5 in Poison Magic
 10711 | D:8      | Reached skill level 8 in Spellcasting
 10967 | D:8      | HP: 1/72 [boulder beetle (15)]
 10968 | D:8      | Slain by a boulder beetle

Illustrated notes

Levels and vault maps discovered:
D:1:      lordsloth_arrival_two_stooges, layout_loops_corners
D:2:      layout_basic, minmay_misc_feat_plants, kennysheep_boxes
D:3:      layout_loops_ring, kennysheep_flooded_box
D:4:      layout_loops_corners, minmay_temple_entry_water_ring, uniq_ijyb,
          uniq_pikel, uniq_grinder
D:5:      layout_rooms, minmay_ogre_servants
D:6:      layout_rooms, amcnicky_altar_gilded, st_stairs_1,
          nicolae_figureground_sparkle, uniq_prince_ribbit1
D:7:      minmay_angry_zag, layout_cave_pools, kennysheep_little_box,
          ebering_ghost_gozag, moated_statue, uniq_harold, uniq_maggie,
          uniq_duvessa
D:8:      minmay_the_grid_square_5x5_3x3 [minmay_the_grid_square_5x5_one_wall,
          minmay_the_grid_square_5x5_c, minmay_the_grid_square_5x5_minivault,
          minmay_the_grid_square_5x5_plus,
          minmay_the_grid_square_5x5_megaprize_crossed,
          minmay_the_grid_square_5x5_longway,
          minmay_the_grid_square_5x5_hollow_slash,
          minmay_the_grid_square_5x5_shrine1, minmay_the_grid_square_5x5_six],
          layout_gridville, grunt_decor_mini_mirrors,
          minmay_misc_feat_secret_circle, uniq_gastronok, uniq_psyche
D:9:      layout_long_grid, serial_ice, serial_ice_f, serial_ice_o,
          serial_ice_e, serial_ice_b, serial_ice_m, serial_ice_l, serial_ice_d,
          serial_ice_a
D:10:     minmay_coctagon, layout_layer_cave, dpeg_lair_monsters, uniq_grum
Temple:   mainiacjoe_temple_cubbyholes

Skill      XL: |  1  2  3  4  5  6  7  8  9 10 11 |
---------------+----------------------------------+-----
Conjurations   | 2 3 4 5 |  5.6
Spellcasting   | 5 6 7 8 |  8.1
Invocations    | 1 2 3 4 5 6 |  6.8
Fighting       | 1 2 3 4 6 |  6.2
Short Blades   | 1 2 3 4 6 |  6.2
Long Blades    | 1 2 3 4 6 |  6.2
Axes           | 1 2 3 4 6 |  6.2
Maces & Flails | 1 2 3 4 6 |  6.2
Polearms       | 1 2 3 4 6 |  6.2
Staves         | 1 2 3 4 6 |  6.2
Slings         | 1 2 3 4 6 |  6.2
Bows           | 1 2 3 4 6 |  6.2
Crossbows      | 1 2 3 4 6 |  6.2
Throwing       | 1 2 3 4 6 |  6.2
Armour         | 1 2 3 4 6 |  6.2
Shields        | 1 2 3 4 6 |  6.2
Unarmed Combat | 1 2 3 4 6 |  6.2
Evocations     | 1 2 3 4 6 |  6.2
Hexes          | 1 2 3 4 5 |  5.1
Summonings     | 1 2 3 4 5 |  5.1
Necromancy     | 1 2 3 4 5 |  5.1
Translocations | 1 2 3 4 5 |  5.1
Transmutations | 1 2 3 4 5 |  5.1
Ice Magic      | 1 2 3 4 5 |  5.1
Air Magic      | 1 2 3 4 5 |  5.1
Earth Magic    | 1 2 3 4 5 |  5.1
Poison Magic   | 1 2 3 4 5 |  5.1
Dodging        | 5 6 7 |  7.8
Stealth        | 5 6 7 |  7.6
Fire Magic     | 6 7 |  7.6

Action                   |  1- 3 |  4- 6 |  7- 9 | 10-12 || total
-------------------------+-------+-------+-------+-------++-------
Melee: Unarmed           |     1 |       |       |       ||     1
       Spear             |     1 |    16 |       |       ||    17
       Whip              |       |       |    52 |       ||    52
       Bite              |       |       |     8 |     2 ||    10
       Punch             |       |       |     6 |     1 ||     7
       Hand axe          |       |       |    44 |    16 ||    60
 Fire: Shortbow          |       |       |       |     1 ||     1
Throw: Boomerang         |     1 |       |       |       ||     1
 Cast: Foxfire           |    48 |     7 |    52 |    37 ||   144
       Scorch            |    14 |    14 |   100 |    75 ||   203
       Flame Wave        |       |       |     3 |     7 ||    10
       Poisonous Vapours |       |       |       |     1 ||     1
Invok: Ancestor Life: Ba |       |       |       |     1 ||     1
Evoke: Wand              |       |       |     3 |       ||     3
  Use: Scroll            |     1 |     3 |    16 |     1 ||    21
       Potion            |       |     1 |    10 |     3 ||    14
 Stab: Invisible         |       |       |     3 |       ||     3
Armor: Robe              |     2 |     1 |    12 |       ||    15
       Ring mail         |       |       |    49 |    34 ||    83
Dodge: Dodged            |     6 |     9 |   125 |    93 ||   233
